 Dungeon Crawl Stone Soup version 0.31-a0-182-gc5ef74bbde (webtiles) character file.

Game seed: 7478566348151611588

73 qw the Chopper (level 4, -2/28 HPs)
             Began as a Gargoyle Fighter on June 21, 2023.
             Slain by a gnoll
             ... wielding a +0 flail
              (3 damage)
             ... on level 2 of the Dungeon.
             The game lasted 00:00:29 (1160 turns).

qw the Chopper (Gargoyle Fighter)                   Turns: 1160, Time: 00:00:30

Health: -2/28      AC: 10    Str: 22    XL:     4   Next: 27%
Magic:  4/4        EV:  9    Int:  8    God:
Gold:   39         SH:  4    Dex:  9    Spells: 3/3 levels left

rFire   . . .        Y - +1 war axe
rCold   . . .        c - +0 buckler
rNeg    + . .        b - +0 scale mail
rPois   inf          (no helmet)
rElec   +            (no cloak)
rCorr   .            (no gloves)
SInv    .            (no boots)
Will    .....        (no amulet) Stlth
                     (no ring)
HPRegen 0.24/turn    (no ring)
MPRegen 0.09/turn

%: no passive effects
@: no status effects
A: sickness immunity, AC +3, negative energy resistance 1, electricity
resistance, torment resistance 1, petrification resistance
a: no special abilities


You were on level 2 of the Dungeon.
You visited 1 branch of the dungeon, and saw 2 of its levels.

You collected 39 gold pieces.


Innate Abilities, Weirdness & Mutations

You are immune to sickness and miasma.
Your stone body is resilient. (AC +3)
You are immune to poison.
You resist negative energy. (rN+)
You are resistant to electric shocks. (rElec)
You are resistant to unholy torment.
You are immune to petrification.


   Skills:
 - Level 3.2 Fighting
 + Level 4.0 Axes
 - Level 3.2 Armour
 - Level 3.2 Shields


You had 3 spell levels left.
You didn't know any spells.
Your spell library was empty.

Inventory:

Hand Weapons
 l - a +0 club
 Y - a +1 war axe (weapon)
Armour
 b - a +0 scale mail (worn)
 c - a +0 buckler (worn)
Potions
 d - a potion of might
 e - a potion of degeneration {unknown}
 h - a potion of curing {unknown}
 k - a potion of resistance

Dungeon Overview and Level Annotations

Branches:
Dungeon (2/15)

Altars:


Message History

You closely miss the gnoll.
The gnoll is almost dead.
You closely miss the adder. You hit the adder.
You kill the adder!
You barely miss the gnoll. You slash the gnoll!
The gnoll hits you with a +0 flail. The gnoll closely misses you.
The gnoll hits you with a +0 club. You block the adder's attack.
The gnoll hits you but does no damage. x2; The gnoll barely misses you.
The adder bites you but does no damage.
You hit the gnoll but do no damage.
The gnoll is almost dead.
You closely miss the gnoll. You hit the gnoll. You slash the adder!
The adder bites you but does no damage. The gnoll hits you with a +0 flail.
The gnoll hits you with a +0 club. x2
You closely miss the gnoll.
The gnoll is almost dead.
You slash the gnoll!
You kill the gnoll!
You miss the adder. You hit the gnoll. The adder bites you but does no damage.
The gnoll hits you with a +0 flail! The gnoll hits you with a +0 club.
The adder bites you but does no damage.
You completely miss the gnoll.
The gnoll is almost dead.
You closely miss the adder. You closely miss the gnoll.
The adder closely misses you. The gnoll barely misses you.
You block the gnoll's attack. The adder bites you but does no damage.
The gnoll hits you but does no damage. The gnoll closely misses you.
You hit the gnoll.
You kill the gnoll!
You hit the adder.
You kill the adder!
You closely miss the gnoll. The gnoll barely misses you.
Your Axes skill increases to level 4!
You have reached level 4!
You feel stronger.
You barely miss the gnoll. The gnoll barely misses you.
You barely miss the gnoll. The gnoll hits you with a +0 flail. x2
You die...

#########
...(.....
.........
#.......#
#########
###.......# #
.'.$.....#
#######
#.......#
#......
#.>.....#
#......
#.##..)g)..#
#......
#.....%@...#
#......
.##.....####
#######
......#...####
......###....#
#.... ####.###
# #[... #...#
# ##.# ###.##
# .. #..##
#####
#####..###....


You could see a gnoll.

Vanquished Creatures
  2 gnolls (D:2)
  3 adders (D:2)
  2 ball pythons
  3 bats
  4 endoplasms
  A giant cockroach (D:1)
  5 goblins
  2 jackals (D:1)
  4 frilled lizards
  A kobold (D:2)
  2 rats
29 creatures vanquished.

Notes
Turn   | Place    | Note
-------+----------+-------------------------------------------
     0 | D:1      | qw the Gargoyle Fighter began the quest for the Orb.
     0 | D:1      | Reached XP level 1. HP: 14/14 MP: 1/1
     0 | D:1      | 0 ||| qw: Version: 0.3-a-9-g12657ce
     0 | D:1      | 0 ||| qw: Game counter: 1644
     0 | D:1      | 0 ||| qw: Always use a shield: true
     0 | D:1      | 0 ||| qw: God list: Okawaru
     0 | D:1      | 0 ||| qw: Allow faded altars: false
     0 | D:1      | 0 ||| qw: Do Orc after D:15 true
     0 | D:1      | 0 ||| qw: Do second Lair branch before Depths: true
     0 | D:1      | 0 ||| qw: Lair rune preference: random
     0 | D:1      | 0 ||| qw: Plans: Normal, Zot:1-4, Slime:5, God:TSO, Crypt,
                  | Tomb, Abyss, Pan, Hells, Win
     0 | D:1      | 0 ||| PLANNING D:1-11
   166 | D:1      | Reached skill level 2 in Axes
   447 | D:1      | Reached XP level 2. HP: 19/19 MP: 2/2
   848 | D:1      | 848 ||| READING scroll labelled JIXIZE SAHUSE.
   849 | D:1      | 849 ||| READING scroll labelled JOGICRAAPP.
   850 | D:1      | 850 ||| READING scroll labelled TYLEFE XIRI.
   851 | D:1      | 851 ||| READING scroll labelled VASCHU XOTIDAI.
   852 | D:1      | 852 ||| DRINKING 2 green potions.
  1018 | D:2      | 1018 ||| Stepping ~*~*~tactically~*~*~ (stealth).
  1023 | D:2      | Reached skill level 3 in Axes
  1045 | D:2      | Reached XP level 3. HP: 18/23 MP: 3/3
  1156 | D:2      | HP: 4/23 [gnoll/+0 flail (11)]
  1159 | D:2      | Reached skill level 4 in Axes
  1159 | D:2      | Reached XP level 4. HP: 3/28 MP: 4/4
  1160 | D:2      | HP: 1/28 [gnoll/+0 flail (2)]
  1160 | D:2      | Slain by a gnoll

Levels and vault maps discovered:
D:1:      ncdulo_watergridlock, layout_basic
D:2:      layout_basic, basic_altar

Skill      XL: |  1  2  3 |
---------------+----------+-----
Axes           | 2 3 4 |  4.0
Fighting       | |  3.2
Armour         | |  3.2
Shields        | |  3.2

Action                     |  1- 3 |  4- 6 || total
---------------------------+-------+-------++-------
  Melee: War axe           |    81 |     2 ||    83
    Use: Scroll            |     4 |       ||     4
         Potion            |     1 |       ||     1
 Armour: Scale mail        |    58 |       ||    58
  Dodge: Dodged            |    40 |     1 ||    41
  Block: Buckler           |    16 |       ||    16

Table legend:
 A = Non-vault XP
 B = Vault XP
 C = Vault XP percentage of total XP
 D = Non-vault monster count
 E = Vault monster count
 F = Vault count percentage of total count
                 A         B        C        D         E       F
            +---------+---------+-------+---------+---------+-------
      Total |     105 |       0 |   0.0 |      29 |       0 |   0.0
            +---------+---------+-------+---------+---------+-------
        D:1 |      22 |       0 |   0.0 |      13 |       0 |   0.0
        D:2 |      83 |       0 |   0.0 |      16 |       0 |   0.0
            +---------+---------+-------+---------+---------+-------
